 Dungeon Crawl Stone Soup version 0.29-a0-1023-g6ae1a4a2c7 (webtiles) character file.

Game seed: 3696242108298043165

416 xian the Cudgeller (level 6, -1/56 HPs)
             Began as a Minotaur Fighter on Aug 12, 2022.
             Slain by a gnoll
             ... wielding a +0 halberd
              (11 damage)
             ... on level 4 of the Dungeon.
             The game lasted 00:08:33 (2790 turns).

xian the Cudgeller (Minotaur Fighter)               Turns: 2790, Time: 00:08:34

Health: -1/56      AC: 11    Str: 23    XL:     6   Next: 60%
Magic:  5/5        EV:  8    Int:  5    God:
Gold:   156        SH:  5    Dex: 15    Spells: 5/5 levels left

rFire   . . .      SeeInvis .   a - +0 flail
rCold   . . .      Faith    .   c - +0 buckler
rNeg    . . .      Spirit   .   y - +0 chain mail
rPois   .          Reflect  .   (helmet restricted)
rElec   .          Harm     .   (no cloak)
rCorr   .          Rampage  .   l - +0 pair of gloves
Will    .....                   (no boots)
Stlth   ..........              (no amulet)
HPRegen 0.18/turn               h - +6 ring of dexterity
MPRegen 0.09/turn               (no ring)

@: no status effects
A: horns 2, retaliatory headbutt
a: no special abilities


You were on level 4 of the Dungeon.
You visited 1 branch of the dungeon, and saw 4 of its levels.

You collected 156 gold pieces.

Inventory:

Hand Weapons
 a - a +0 flail (weapon)
Missiles
 r - 4 javelins (quivered)
 x - 6 boomerangs
Armour
 b - a +0 scale mail
 c - a +0 buckler (worn)
 l - a +0 pair of gloves (worn)
 s - the +0 leather armour "Qab Ycetsuo" {rElec Str+4 Dex+3}
   (You found it on level 2 of the Dungeon)

   Str:       It affects your strength (+4).
   Dex:       It affects your dexterity (+3).
   rElec:     It insulates you from electricity.
 y - a +0 chain mail (worn)
Jewellery
 h - a +6 ring of dexterity (left hand)
Scrolls
 e - a scroll of fear {unknown}
 g - a scroll of amnesia
 i - 2 scrolls of enchant armour {unknown}
 j - a scroll of fog {unknown}
 k - a scroll of vulnerability {unknown}
 n - a scroll of blinking {unknown}
 o - a scroll of poison
 u - a scroll of enchant weapon {unknown}
 v - a scroll of magic mapping
Potions
 d - a potion of might
 m - a potion of curing {unknown}
 p - a potion of brilliance {unknown}
 q - a potion of lignification
 w - a potion of haste {unknown}


   Skills:
 + Level 5.0 Fighting
 + Level 5.4 Maces & Flails
 + Level 5.1 Armour
 + Level 2.2 Dodging
 + Level 0.4 Stealth
 + Level 4.6 Shields


You had 5 spell levels left.
You didn't know any spells.
Your spell library was empty.

Dungeon Overview and Level Annotations

Branches:
Dungeon (4/15)
 Temple: D:4-7

Altars:
Okawaru
Uskayaw


Innate Abilities, Weirdness & Mutations

You have a pair of horns on your head.
You reflexively headbutt those who attack you in melee.


Message History

The gnoll hits you with a +1 flail of protection!
You hit the gnoll. Your headbutt misses the gnoll.
The gnoll is heavily wounded.
The gnoll barely misses you.
The gnoll hits you from afar with a +0 halberd.
The gnoll closely misses you. The gnoll hits you but does no damage.
The gnoll hits you with a +1 flail of protection.
You block the gnoll's attack.
You barely miss the gnoll. Your headbutt misses the gnoll.
The gnoll is heavily wounded.
The gnoll hits you but does no damage. x3
You completely miss the gnoll.
The gnoll is heavily wounded.
You block the gnoll's attack. The gnoll completely misses you.
The gnoll barely misses you. You furiously retaliate!
You headbutt the gnoll. You barely miss the gnoll. You headbutt the gnoll.
You kill the gnoll!
The gnoll hits you but does no damage.
The gnoll hits you from afar with a +0 halberd!
Things that are here:
a +1 flail of protection; a gnoll corpse You block the gnoll's attack.
The gnoll barely misses you.
Things that are here:
a +0 club; 3 stones You hit the gnoll.
The gnoll is moderately wounded.
The gnoll hits you with a +0 spear. The gnoll closely misses you.
You sock the gnoll!
You kill the gnoll!
The gnoll hits you with a +0 halberd! The gnoll hits you with a +0 halberd.
* * * LOW HITPOINT WARNING * * *
The gnoll hits you with a +0 halberd.
* * * LOW HITPOINT WARNING * * *
Things that are here:
a +0 spear; a gnoll corpse The gnoll hits you with a +0 halberd.
* * * LOW HITPOINT WARNING * * *
Unknown command.
You barely miss the gnoll. The gnoll hits you with a +0 halberd!
You die...

##. ... .. .. .. .. #
#.#. .# #.##### #... ..
#...... ##..# .# #######
. ##..$###.## #
..##...@##...###########
...^..g)................
.......).....####.####.#
.......).......... #.#
##.........##### #.#
##........# #.#
#.....#..######. #.#
#.##.#........... #.#
..........######## #.#


You could see a gnoll.

Vanquished Creatures
  The ghost of fleet the Sneak, an amateur KoBr (D:3)
  A phantom (D:4)
  An orc priest (D:3)
  An orc wizard (D:3)
  2 gnolls (D:4)
  5 adders
  2 worms (D:2)
  3 dart slugs
  3 orcs
  9 endoplasms
  7 giant cockroaches
  6 hobgoblins
  14 jackals
  5 quokkas
  7 ball pythons
  8 bats
  2 frilled lizards (D:1)
  6 goblins
  6 kobolds
  7 rats
96 creatures vanquished.

Notes
Turn   | Place    | Note
-------+----------+-------------------------------------------
     0 | D:1      | xian the Minotaur Fighter began the quest for the Orb.
     0 | D:1      | Reached XP level 1. HP: 19/19 MP: 0/0
    41 | D:1      | Reached XP level 2. HP: 20/27 MP: 1/1
   375 | D:1      | Reached XP level 3. HP: 32/33 MP: 2/2
   928 | D:2      | Reached skill level 1 in Dodging
  1033 | D:2      | Reached XP level 4. HP: 40/40 MP: 3/3
  1220 | D:2      | Found a hide-covered altar of Uskayaw.
  1442 | D:2      | Identified the +0 leather armour "Qab Ycetsuo" {rElec Str+4
                  | Dex+3}
  1884 | D:3      | Found a runed translucent door.
  1887 | D:3      | Noticed fleet's ghost (amateur KoBr)
  1931 | D:3      | Killed fleet's ghost
  1932 | D:3      | Reached XP level 5. HP: 40/47 MP: 4/4
  2123 | D:3      | Found an iron altar of Okawaru.
  2450 | D:3      | Reached XP level 6. HP: 46/55 MP: 5/5
  2456 | D:3      | Reached skill level 5 in Maces & Flails
  2658 | D:4      | Reached skill level 5 in Fighting
  2658 | D:4      | Reached skill level 5 in Armour
  2790 | D:4      | Slain by a gnoll

Illustrated notes

Levels and vault maps discovered:
D:1:      matt_arrival_debris, layout_basic
D:2:      layout_loops_cross, basic_altar, grunt_ministairs_2
D:3:      layout_basic, mainiacjoe_overflow_24_doors,
          hellmonk_ghost_happy_afterlife
D:4:      layout_loops_ring, mainiacjoe_overflow_surrounded_room, uniq_ijyb

Skill      XL: |  1  2  3  4  5  6 |
---------------+-------------------+-----
Shields        | 4 |  4.6
Fighting       | 4 5 |  5.0
Armour         | 4 5 |  5.1
Maces & Flails | 3 4 5 |  5.4
Dodging        | 1 2 |  2.2
Stealth        | |  0.4

Action                   |  1- 3 |  4- 6 || total
-------------------------+-------+-------++-------
Melee: Flail             |    97 |   117 ||   214
       Headbutt          |    16 |    21 ||    37
  Use: Potion            |       |     1 ||     1
       Scroll            |       |     8 ||     8
 Stab: Sleeping          |       |     1 ||     1
Armor: Scale mail        |    66 |    51 ||   117
       Leather armour    |       |     1 ||     1
       Chain mail        |       |    12 ||    12
Dodge: Dodged            |    50 |    56 ||   106
Block: Buckler           |    20 |    35 ||    55

Table legend: (Time is in decaauts)
 A = Elapsed time spent in this place.
 B = Non-inter-level travel time spent in this place.
 C = Inter-level travel time spent in this place.
 D = Time resting spent in this place.
 E = Time spent auto-exploring this place.
 F = Levels seen in this place.
 G = Mean time per level.
                   A        B        C        D        E       F      G
               +--------+--------+--------+--------+--------+-----+--------+
         Total |   2843 |   2780 |     63 |      0 |   1841 |   4 |  710.8 |
       Dungeon |   2843 |   2780 |     63 |      0 |   1841 |   4 |  710.8 |
               +--------+--------+--------+--------+--------+-----+--------+

Top non-repeatable levels by time:
     D:1: 934 daAuts
     D:2: 903 daAuts
     D:3: 848 daAuts
     D:4: 157 daAuts
